 Dungeon Crawl Stone Soup version 0.24.0-13-gcf9b319 (webtiles) character file.

Game seed: 11932475258024676425, levelgen mode: deterministic

708 Bronimir the Chopper (level 7, -2/52 HPs)
             Began as a Demonspawn Gladiator on Apr 2, 2020.
             Was a Follower of Okawaru.
             Slain by an orc
             ... wielding a +0 trident
              (5 damage)
             ... on level 4 of the Dungeon.
             The game lasted 00:07:38 (4486 turns).

Bronimir the Chopper (Demonspawn Gladiator)         Turns: 4486, Time: 00:07:38

Health: -2/52      AC: 10    Str: 16 (17) XL:     7   Next: 40%
Magic:  5/7        EV: 16    Int:  7 (9)  God:    Okawaru [*.....]
Gold:   122        SH:  0    Dex: 13 (14) Spells: 6/6 levels left

rFire    . . .     SeeInvis +   a - +2 war axe (flame)
rCold    . . .     Gourm    .   (no shield)
rNeg     . . .     Faith    .   u - +0 ring mail
rPois    .         Spirit   .   c - +2 helmet
rElec    .         Reflect  .   (no cloak)
rCorr    .         Harm     .   (no gloves)
MR       .....                  (no boots)
Stlth    +.........             h - amulet of the acrobat
HPRegen  0.17/turn              s - ring of see invisible
MPRegen  0.10/turn              z - ring of wizardry (curse)

@: heroism, glowing
A: claws 1, talons 2, demonic guardian 1, rot immunity
a: Heroism, Renounce Religion


You were on level 4 of the Dungeon.
You worshipped Okawaru.
Okawaru was aware of your devotion.
You were hungry.

You visited 1 branch of the dungeon, and saw 5 of its levels.

You collected 122 gold pieces.

Inventory:

Hand Weapons
 a - a +2 war axe of flaming (weapon)
 b - a +0 shortbow of freezing
 x - a +0 halberd
 y - a +1 mace of draining
 A - a +0 war axe
 C - a +0 war axe
Missiles
 d - 3 throwing nets (quivered)
 i - 13 poisoned darts
 k - 58 bolts
 o - 109 stones
 p - 98 arrows
Armour
 c - a +2 helmet (worn)
 u - a +0 ring mail (worn)
 D - a +0 leather armour
Jewellery
 h - an amulet of the acrobat (around neck)
 s - a ring of see invisible (left claw)
 z - a cursed ring of wizardry (right claw)
Scrolls
 g - 4 scrolls of identify
Potions
 j - a potion of flight
 l - a potion of cancellation
 q - a potion of invisibility
Comestibles
 f - 7 rations


   Skills:
 * Level 3.3(8.3) Fighting
 * Level 5.6(10.6) Axes
 + Level 0.4(5.4) Bows
 + Level 1.8(6.8) Throwing
 * Level 2.8(7.8) Armour
 * Level 4.4(9.4) Dodging
 + Level 0.6(5.6) Stealth


You had 6 spell levels left.
You didn't know any spells.
Your spell library was empty.

Dungeon Overview and Level Annotations

Branches:
Dungeon (5/15)
 Temple: D:4-7

Altars:
Ashenzari
Cheibriados
Dithmenos
Nemelex Xobeh
Okawaru
Ru
Sif Muna
Uskayaw
The Shining One

Annotations:
D:4 Eustachio


Innate Abilities, Weirdness & Mutations

You have sharp fingernails.
You have razor-sharp toenails.
A weak demonic guardian rushes to your aid.
You are immune to rotting.


Message History

You hit the river rat. You burn the river rat.
Your quasit barely misses Eustachio.
Your quasit closely misses Eustachio. x2
The river rat bites you but does no damage.
Your quasit barely misses Eustachio. x3; The orc hits you but does no damage.
Eustachio hits you with the +4 spear of Fiyletta {protect, Str+3 Stlth+}.
* * * LOW HITPOINT WARNING * * *
The river rat bites you.
* * * LOW HITPOINT WARNING * * *
Your quasit misses Eustachio.
Your quasit closely misses Eustachio.
Your quasit barely misses Eustachio.
Eustachio misses you.
Your quasit bites Eustachio but does no damage.
Your quasit closely misses Eustachio.
Your quasit barely misses Eustachio.
Eustachio casts a spell.
Your quasit barely misses Eustachio.
Your quasit claws Eustachio but does no damage. x2
Okay, then.
Okay, then.
You gain the combat prowess of a mighty hero.
The orc hits you from afar with a +0 trident.
You die...

.. #..##.......#......@#
..###...#....#..##.....o.
........>5...#..###.#.o..
...............######....
........r.@.#.....###.....
..........r5).............
#.......o.###.###.........
........r## ###...........
...###..@# ##.#......## ..
#..## #..##....## ......
.... #...## ........ .#..#
##.## ........# ... ..#
.#.##..#. ### #. ...#. .
...


You could see 2 river rats and an orc.

Vanquished Creatures
  An ogre (D:4)
  A centaur (D:4)
  2 howler monkeys
  A crimson imp (D:3)
  An orc priest (D:5)
  2 orc wizards (D:5)
  An iguana (D:4)
  4 worker ants (D:4)
  4 gnolls (D:3)
  7 adders
  An ooze (D:2)
  4 worms
  2 dart slugs
  2 leopard geckos
  3 orcs
  6 ball pythons
  2 giant cockroaches
  12 goblins
  9 hobgoblins
  6 jackals
  A quokka (D:3)
  9 bats
  4 frilled lizards
  2 kobolds
  A leopard gecko skeleton (D:4)
  10 rats
98 creatures vanquished.

Vanquished Creatures (collateral kills)
  An orc priest (D:4)
  An orc (D:4)
2 creatures vanquished.

Grand Total: 100 creatures vanquished

Notes
Turn   | Place    | Note
-------+----------+-------------------------------------------
     0 | D:1      | Bronimir the Demonspawn Gladiator began the quest for the
                  | Orb.
     0 | D:1      | Reached XP level 1. HP: 16/16 MP: 1/1
   106 | D:1      | Reached skill level 3 in Axes
   148 | D:1      | Gained mutation: You have sharp toenails. [demonic
                  | ancestry]
   148 | D:1      | Reached XP level 2. HP: 12/22 MP: 2/2
   836 | D:1      | Gained mutation: You have razor-sharp toenails. [demonic
                  | ancestry]
   836 | D:1      | Reached XP level 3. HP: 27/27 MP: 3/3
  1199 | D:2      | Reached skill level 1 in Armour
  1440 | D:2      | Found an iron altar of Okawaru.
  1571 | D:2      | Became a worshipper of Warmaster Okawaru
  1619 | D:2      | Found a sacrificial altar of Ru.
  2228 | D:3      | Found a shattered altar of Ashenzari.
  2228 | D:3      | Found a shimmering blue altar of Sif Muna.
  2232 | D:3      | Found a glowing golden altar of the Shining One.
  2232 | D:3      | Found a snail-covered altar of Cheibriados.
  2257 | D:3      | Gained mutation: You are immune to rotting. [demonic
                  | ancestry]
  2257 | D:3      | Reached XP level 4. HP: 15/33 MP: 4/4
  2725 | D:3      | Found a sparkling altar of Nemelex Xobeh.
  2762 | D:3      | Gained mutation: You have sharp fingernails. [demonic
                  | ancestry]
  2762 | D:3      | Reached XP level 5. HP: 19/39 MP: 5/5
  2765 | D:3      | Reached skill level 4 in Axes
  3197 | D:3      | Found a hide-covered altar of Uskayaw.
  3207 | D:3      | Found a shadowy altar of Dithmenos.
  3426 | D:4      | Noticed a centaur
  3433 | D:4      | Killed a centaur
  3433 | D:4      | Reached * piety under Okawaru
  3433 | D:4      | Gained mutation: A weak demonic guardian rushes to your
                  | aid. [demonic ancestry]
  3433 | D:4      | Reached XP level 6. HP: 20/47 MP: 6/6
  3681 | D:4      | Identified the +4 spear of Fiyletta {protect, Str+3 Stlth+}
  3681 | D:4      | Noticed Eustachio
  3711 | D:4      | HP: 2/47 [adder (4)]
  4135 | D:4      | Reached skill level 5 in Axes
  4135 | D:4      | Reached XP level 7. HP: 43/52 MP: 7/7
  4203 | D:5      | Entered Level 5 of the Dungeon
  4486 | D:4      | Slain by an orc

Levels and vault maps discovered:
D:1:      sevenhm_arrival_forest_fort_large_4, layout_basic,
          kennysheep_nondescript, hangedman_decor_clover_reticule
D:2:      layout_basic, okawaru_gym_becter, serial_bayou_ford_a,
          minmay_strange_pillars, nicolae_ru_awakened_eye
D:3:      layout_basic, marbit_many_paths, eat_drink_and_be_merry_uskayaw,
          grunt_temple_overflow_open, first_ration, grunt_dithmenos_smoke
D:4:      layout_cave_pools, tgw_trog, minmay_temple_entry_glass,
          minmay_snake_closets, uniq_eustachio
D:5:      layout_gridville, serial_shops, nicolae_shop_crystal,
          cheibrodos_sewer_entry_sluice, kennysheep_generic_room_11,
          uniq_duvessa

Skill      XL: |  1  2  3  4  5  6 |
---------------+-------------------+-----
Axes           | 3 4 5 |  5.6
Dodging        | 3 4 |  4.4
Armour         | 1 2 |  2.8
Fighting       | 3 |  3.3
Bows           | |  0.4
Throwing       | |  1.8
Stealth        | |  0.6

Action                   |  1- 3 |  4- 6 |  7- 9 || total
-------------------------+-------+-------+-------++-------
Melee: War axe           |   111 |   122 |    31 ||   264
       Kick              |    26 |    28 |     6 ||    60
 Fire: Shortbow          |       |    12 |     2 ||    14
Throw: Dart              |     5 |       |       ||     5
       Throwing net      |     5 |       |       ||     5
Invok: Heroism           |       |     1 |     1 ||     2
  Use: Scroll            |       |     3 |     6 ||     9
       Potion            |       |     3 |       ||     3
 Stab: Sleeping          |     2 |       |       ||     2
  Eat: Chunk             |     4 |     6 |     1 ||    11
Armor: Leather armour    |    25 |       |       ||    25
       Ring mail         |     7 |    44 |    15 ||    66
Dodge: Dodged            |    96 |   138 |    40 ||   274
